AoeStats
← aykc

Lombardia

509907768Analyzed
4v4 RM · 5d ago on Sep 28, 2026· 78m 58s· 8 players
Game mode
Random Map
Map size
Large (8 player)
Population
200
Speed
Normal
Resources
Standard
Victory
Conquest
Starting age
Dark Age
Ending age
Imperial Age
RankedLock teamsTeams togetherTeam positionsShared explorationLock speedFull tech treeHidden civsTurbo modeCheats
Victory
Defeat
🇪🇸 Cumans · Spain
1309
+14
🇪🇸 Danes · Spain
1258
+17
🇨🇿 Vietnamese · Czechia
1258
+17
🇨🇳 Britons · China
1234
+18
🇭🇰 Berbers · Hong Kong SAR China
1307
-18
🇭🇰 Khmer · Hong Kong SAR China
1289
-17
🇭🇰 Italians · Hong Kong SAR China
1254
-16
🇭🇰 Mongols · Hong Kong SAR China
1236
-15
orangepocalypse
10:16 Feudal Age
13:10 Double-Bit Axe
15:29 Castle Age
13:14 Horse Collar
16:27 Bow Saw
16:19 Heavy Plow
19:00 Gold Mining
19:02 Stone Mining
19:53 Wheelbarrow
19:35 Town Watch
21:26 Hand Cart
25:05 Loom
25:12 Fletching
25:22 Padded Archer Armor
27:02 Gold Mining
27:49 Stone Shaft Mining
30:35 Imperial Age
28:41 Leather Archer Armor
29:50 Bodkin Arrow
31:12 Ballistics
30:54 Town Patrol
30:59 Elite Rattan Archer
32:54 Two-Man Saw
33:53 Chemistry
33:04 Masonry
32:58 Bracer
33:44 Ring Archer Armor
33:05 Arrowslits
34:44 Paper Money
34:43 Scale Barding Armor
34:48 Forging
35:42 Siege Engineers
35:34 Murder Holes
37:49 Chain Barding Armor
38:04 Iron Casting
37:29 Scale Mail Armor
40:03 Plate Barding Armor
39:31 Chatras
40:08 Hoardings
40:06 Pikeman
40:47 Squires
43:23 Chain Mail Armor
43:23 Fortified Wall
43:21 Halberdier
46:33 Elite Skirmisher
47:19 Thumb Ring
47:55 Thumb Ring
47:10 Elite Skirmisher
48:23 Plate Mail Armor
47:36 Treadmill Crane
48:34 Imperial Skirmisher
52:32 Crop Rotation
57:17 Guilds
61:25 Caravan
68:31 Arson
navatonsc
7:24 Loom
10:13 Feudal Age
10:41 Arson
11:16 Man-at-Arms
13:10 Double-Bit Axe
13:08 Horse Collar
19:45 Wheelbarrow
20:40 Fletching
20:50 Padded Archer Armor
20:51 Scale Mail Armor
21:02 Forging
24:20 Castle Age
24:50 Gambesons
25:07 Squires
25:23 Chain Mail Armor
25:44 Iron Casting
25:32 Bow Saw
25:24 Heavy Plow
25:22 Town Watch
25:23 Long Swordsman
27:42 Elite Skirmisher
30:10 Hand Cart
31:55 Town Patrol
32:05 Gold Mining
33:02 Bodkin Arrow
35:19 Gold Shaft Mining
38:04 Imperial Age
35:46 Hamask
38:10 Elite Jomsviking
39:29 Plate Mail Armor
39:59 Blast Furnace
38:58 Elite Varangian Guard
39:38 Pikeman
40:53 Masonry
42:53 Bracer
42:57 Northmen's Fury
45:39 Siege Engineers
46:35 Chemistry
45:00 Capped Ram
45:03 Onager
46:54 Siege Onager
48:05 Halberdier
63:49 Caravan
69:57 Murder Holes
74:15 Hoardings
74:48 Hoardings
74:00 Capped Ram
TheLastOne
8:58 Loom
11:43 Feudal Age
15:34 Castle Age
14:30 Double-Bit Axe
14:30 Horse Collar
20:00 Crossbowman
21:15 Fletching
22:56 Wheelbarrow
24:14 Bow Saw
25:06 Bodkin Arrow
26:56 Hand Cart
30:49 Imperial Age
29:10 Ballistics
28:50 Town Watch
29:48 Padded Archer Armor
30:07 Gold Mining
30:24 Heavy Plow
31:20 Stone Mining
30:56 Arbalester
31:38 Bracer
33:58 Chemistry
34:16 Two-Man Saw
34:19 Leather Archer Armor
35:01 Conscription
35:35 Fortified Wall
35:31 Siege Engineers
37:21 Caravan
37:51 Coinage
39:48 Yeomen
40:00 Ring Archer Armor
39:57 Pikeman
40:38 Squires
41:28 Gold Shaft Mining
40:55 Scale Mail Armor
40:43 Arson
41:45 Murder Holes
43:21 Warwolf
43:57 Hoardings
43:40 Chain Mail Armor
43:35 Forging
42:47 Halberdier
43:04 Onager
52:18 Masonry
53:29 Plate Mail Armor
53:35 Iron Casting
53:32 Architecture
57:28 Blast Furnace
57:16 Town Patrol
59:36 Guard Tower
59:33 Arrowslits
61:05 Treadmill Crane
61:16 Heated Shot
64:30 Capped Ram
65:51 Keep
65:50 Guilds
66:11 Banking
68:11 Scale Barding Armor
72:20 Heavy Scorpion
DK_Grunchito
8:37 Loom
11:20 Feudal Age
13:47 Double-Bit Axe
13:46 Horse Collar
21:12 Castle Age
19:49 Wheelbarrow
19:00 Town Watch
20:59 Bloodlines
21:03 Forging
20:59 Scale Barding Armor
23:29 Iron Casting
23:15 Chain Barding Armor
23:48 Heavy Plow
24:59 Gold Mining
25:02 Stone Mining
25:56 Bow Saw
27:52 Hand Cart
29:30 Gold Shaft Mining
32:35 Imperial Age
30:09 Town Patrol
29:34 Light Cavalry
31:41 Steppe Husbandry
33:52 Conscription
32:59 Cavalier
34:42 Blast Furnace
34:17 Plate Barding Armor
34:32 Crop Rotation
35:04 Two-Man Saw
34:22 Paladin
34:26 Hussar
40:28 Cuman Mercenaries
51:56 Caravan
58:31 Hoardings
69:31 Capped Ram
cnyang
10:07 Feudal Age
9:41 Loom
11:04 Double-Bit Axe
16:15 Castle Age
18:10 Bow Saw
17:44 Horse Collar
21:30 Wheelbarrow
20:46 Town Watch
24:16 Stone Mining
24:52 Gold Mining
28:58 Imperial Age
28:24 Stone Shaft Mining
28:25 Gold Shaft Mining
27:56 Heavy Plow
30:24 Double Crossbow
30:44 Conscription
30:42 Bloodlines
31:54 Husbandry
32:01 Scale Barding Armor
32:19 Elite Ballista Elephant
34:53 Hand Cart
35:50 Chain Barding Armor
36:01 Ballistics
37:57 Chemistry
38:09 Plate Barding Armor
39:13 Fletching
40:26 Caravan
41:16 Pikeman
41:57 Scale Mail Armor
42:08 Forging
42:54 Halberdier
47:23 Chain Mail Armor
59:45 Siege Engineers
67:58 Iron Casting
66:45 Light Cavalry
68:35 Arson
68:42 Arson
68:25 Capped Ram
aykc
11:25 Feudal Age
12:22 Double-Bit Axe
15:07 Castle Age
16:06 Bow Saw
15:59 Padded Archer Armor
15:55 Fletching
16:06 Gold Mining
17:50 Padded Archer Armor
18:53 Loom
22:52 Wheelbarrow
23:01 Gold Shaft Mining
22:10 Horse Collar
24:08 Hand Cart
24:29 Heavy Plow
25:41 Gold Shaft Mining
26:52 Town Watch
27:02 Stone Mining
27:30 Husbandry
27:42 Bloodlines
33:06 Imperial Age
31:27 Ballistics
33:55 Stone Shaft Mining
34:08 Drill
33:13 Capped Ram
33:16 Onager
35:16 Chemistry
35:42 Leather Archer Armor
36:03 Siege Ram
40:27 Coinage
40:15 Siege Onager
41:32 Siege Engineers
42:17 Caravan
43:07 Heavy Scorpion
56:09 Banking
77:57 Light Cavalry
pong0109
9:49 Feudal Age
16:17 Loom
17:06 Gold Mining
17:02 Double-Bit Axe
17:00 Horse Collar
17:20 Loom
20:42 Castle Age
20:54 Fletching
21:05 Padded Archer Armor
21:00 Crossbowman
22:07 Bow Saw
22:00 Heavy Plow
24:22 Bodkin Arrow
24:42 Leather Archer Armor
26:58 Wheelbarrow
31:07 Hand Cart
34:37 Imperial Age
34:01 Ballistics
34:44 Arbalester
35:34 Thumb Ring
36:13 Stone Mining
37:26 Two-Man Saw
38:18 Chemistry
37:38 Elite Genoese Crossbowman
44:09 Murder Holes
47:51 Pirotechnia
48:02 Conscription
56:03 Elite Skirmisher
60:58 Bracer
61:28 Ring Archer Armor
75:11 Capped Ram
tlftommy
8:39 Loom
11:43 Feudal Age
15:49 Castle Age
14:20 Double-Bit Axe
15:06 Stone Mining
15:33 Horse Collar
16:54 Bow Saw
20:15 Wheelbarrow
21:19 Heavy Plow
22:26 Gold Mining
23:58 Hand Cart
25:02 Gold Shaft Mining
29:50 Imperial Age
27:34 Scale Barding Armor
28:05 Forging
28:49 Bloodlines
28:40 Husbandry
29:03 Chain Barding Armor
28:58 Fortified Wall
29:47 Stone Shaft Mining
29:34 Kasbah
30:36 Iron Casting
31:34 Crop Rotation
31:59 Plate Barding Armor
31:25 Cavalier
31:36 Light Cavalry
33:38 Chemistry
34:20 Blast Furnace
33:11 Fletching
33:33 Masonry
34:07 Hussar
35:36 Conscription
35:57 Town Watch
36:12 Bodkin Arrow
41:52 Caravan
42:41 Bracer
43:03 Ballistics
43:03 Heavy Camel Rider
43:45 Maghrebi Camels
44:43 Siege Engineers
Connection lost

Rejoining the realm…

Still unreachable

The connection could not be restored.

Session expired

The server has moved on; the page needs a fresh start.